 Dungeon Crawl Stone Soup version 0.26.1-10-gdfb7c7de75 (webtiles) character file.

Game seed: 14135074364897686603

76762 Revguard the Severer (level 15, -20/198 (205) HPs)
             Began as a Minotaur Gladiator on Apr 5, 2021.
             Was the Champion of Makhleb.
             Demolished by an ice devil (27 damage)
             ... summoned by an orc sorcerer
             ... on level 2 of the Orcish Mines on Apr 7, 2021.
             The game lasted 00:47:07 (19356 turns).

Revguard the Severer (Minotaur Gladiator)          Turns: 19356, Time: 00:47:09

HP:   -20/198 (205) AC: 31    Str: 21    XL:     15   Next: 13%
MP:   21/21         EV:  2    Int: 13    God:    Makhleb [******]
Gold: 1544          SH:  0    Dex: 16    Spells: 14/14 levels left

rFire    . . .     SeeInvis .   E - +7 executioner's axe of Gravity {flame, rPois rC- Int+8 Stlth-}
rCold    x . .     Faith    .   (shield currently unavailable)
rNeg     + + +     Spirit   .   (armour currently unavailable)
rPois    +         Reflect  .   (helmet currently unavailable)
rElec    +         Harm     .   (cloak currently unavailable)
rCorr    .         Rampage  .   (gloves currently unavailable)
Will     +....     NoTele   +   (boots currently unavailable)
Stlth    ..........             (no amulet)
HPRegen  0.00/turn              P - ring "Oqeg" {rElec EV+4}
MPRegen  0.17/turn              G - +4 ring of protection

@: tree-form, lightly drained
A: (retaliatory headbutt), inhibited regeneration
a: Renounce Religion, Minor Destruction, Lesser Servant of Makhleb, Major
Destruction, Greater Servant of Makhleb


You were on level 2 of the Orcish Mines.
You worshipped Makhleb.
Makhleb was exalted by your worship.
You were a tree.
You visited 3 branches of the dungeon, and saw 18 of its levels.

You collected 2220 gold pieces.
You spent 676 gold pieces at shops.

Inventory:

Hand Weapons
 E - the +7 executioner's axe of Gravity (weapon) {flame, rPois rC- Int+8 Stlth-}
   (You acquired it on level 9 of the Dungeon)

   It has been specially enchanted to burn those struck by it, causing extra
   injury to most foes and up to half again as much damage against particularly
   susceptible opponents.
   Big, fiery blades are also staple armaments of hydra-hunters.
   It affects your intelligence (+8).
   It makes you vulnerable to cold.
   It protects you from poison.
   It makes you less stealthy.
Missiles
 d - 4 throwing nets (quivered)
Armour
 c - a +0 hat (melded)
 q - a +0 chain mail of willpower (melded)
 C - a scarf of invisibility (melded)
 K - a +1 pair of gloves (melded)
 L - a +0 pair of boots (melded)
Jewellery
 b - an uncursed amulet of faith
 f - a +4 ring of protection
 y - a +6 ring of strength
 z - an uncursed ring of willpower
 G - a +4 ring of protection (right branch)
 M - an uncursed ring of ice
 P - the ring "Oqeg" (left branch) {rElec EV+4}
   (You found it on level 15 of the Dungeon)

   [ring of evasion]

   It affects your evasion (+4).
   It insulates you from electricity.
Wands
 j - a wand of polymorph (7)
 m - a wand of enslavement (18)
 o - a wand of random effects (63)
 s - a wand of paralysis (6)
 u - a wand of iceblast (8)
 x - a wand of acid (19)
 A - a wand of disintegration (11)
 O - a wand of digging (4)
Scrolls
 a - 2 scrolls of enchant armour
 e - 3 scrolls of magic mapping
 l - a scroll of fear
 n - 4 scrolls of fog
 r - 2 scrolls of identify
 v - 5 scrolls of remove curse
 D - 3 scrolls of teleportation
 H - 4 scrolls of amnesia
 I - 3 scrolls of enchant weapon
 J - 2 scrolls of blinking
 N - a scroll of summoning
 R - a scroll of torment
Potions
 g - 2 potions of brilliance
 h - a potion of lignification
 i - a potion of haste
 k - 3 potions of curing
 p - 4 potions of attraction
 w - 5 potions of flight
 F - 3 potions of might


   Skills:
 * Level 13.7 Fighting
 + Level 17.3 Axes
 - Level 2.0 Throwing
 + Level 10.3 Armour
 + Level 7.2 Dodging
 * Level 9.8 Invocations
 * Level 9.4 Evocations


You had 14 spell levels left.
You didn't know any spells.
Your spell library contained the following spells:

 Spells                   Type           Power        Failure   Level
 Sting                    Tmut/Pois      0%           30%         1
 Summon Small Mammal      Summ           0%           30%         1
 Call Imp                 Summ           0%           43%         2
 Poisonous Vapours        Pois/Air       0%           43%         2
 Call Canine Familiar     Summ           0%           67%         3
 Confusing Touch          Hex            0%           67%         3
 Gell's Gravitas          Tloc           0%           67%         3
 Ignite Poison            Fire/Tmut/Pois 0%           67%         3
 Mephitic Cloud           Conj/Pois/Air  0%           67%         3
 Summon Guardian Golem    Hex/Summ       0%           67%         3
 Teleport Other           Tloc           0%           67%         3
 Ice Form                 Ice/Tmut       0%           97%         4
 Olgreb's Toxic Radiance  Pois           0%           97%         4
 Petrify                  Tmut/Erth      0%           97%         4
 Summon Ice Beast         Ice/Summ       0%           97%         4
 Summon Lightning Spire   Summ/Air       0%           97%         4
 Bolt of Magma            Conj/Fire/Erth 0%           100%        5
 Iskenderun's Battlesphe  Conj           0%           100%        5
 Metabolic Englaciation   Hex/Ice        0%           100%        5
 Yara's Violent Unravell  Hex/Tmut       0%           100%        5
 Iron Shot                Conj/Erth      0%           100%        6
 Orb of Destruction       Conj           0%           100%        7
 Spellforged Servitor     Conj/Summ      0%           100%        7
 Disjunction              Tloc           0%           100%        8


Dungeon Overview and Level Annotations

Branches:
Dungeon (15/15)            Temple (1/1) D:4            Lair (0/6) D:10
    Orc (2/2) D:10            Elf (0/3) Orc:2        Vaults (0/5) D:14
 Depths (0/5) D:15

Altars:
Ashenzari
Cheibriados
Dithmenos
Elyvilon
Fedhas
Gozag
Kikubaaqudgha
Makhleb
Nemelex Xobeh
Okawaru
Qazlal
Ru
Sif Muna
Trog
Uskayaw
Vehumet
Wu Jian
Xom
Yredelemnul
Zin
The Shining One

Shops:
D:9 ?   D:10 [   D:13 (   Orc:2 (*


Innate Abilities, Weirdness & Mutations

((You reflexively headbutt those who attack you in melee.))
((You have a pair of horns on your head.))
You do not regenerate when monsters are visible.


Message History

* * * LOW HITPOINT WARNING * * *
You feel better.
The orc sorcerer hits you but does no damage.
The orc knight hits you but does no damage.
The orc high priest hits you but does no damage.
The ice devil hits you but does no damage.
As you read the scroll of fear, it crumbles to dust.
You assume a fearsome visage.
The hellwing is unaffected.
The ice devil is unaffected.
The sun demon is unaffected.
The orc sorcerer looks frightened!
The orc warrior looks frightened!
The orc knight looks frightened!
The orc high priest resists with almost no effort.
The orc high priest looks frightened!
The orc high priest resists with almost no effort.
The rust devil is unaffected.
An orc warrior comes into view. It is wielding a +0 scimitar.
The ice devil hits you.
* * * LOW HITPOINT WARNING * * *
The ice devil freezes you!!
You feel a terrible chill!
You die...

######...<#.#.........#####..#...
##....#..............#######.#
####................#....# ##.
#.##....################## ##
...##...# ###### #. #..#....#
##...)##### ## #.....###
##..##o....## # .#......#
#..##o)4....#
........###.##4o♣##.#.∩# #### ###
....#...##..##oo## # .# #..###.#
##......##.##.4o #.......
##.....###.##..o ##......
#.......##.##..3 #...#..
#.......##.#####4. ##.#...
...#.............. ##....
..#.....##.#####.. ####...
###.....##.# ##.##...


You could see an orc knight (fleeing), 3 orc high priests, a sun demon
(summoned), a hellwing (summoned), an ice devil (summoned), a rust devil
(summoned), an orc sorcerer (strong, fleeing) and 2 orc warriors.

Vanquished Creatures
  Kirke (D:14)
  A fire dragon (D:15)
  An ice dragon (D:15)
  3 vault guards (D:14)
  2 hydras (D:13)
  A boulder beetle (D:13)
  3 catoblepae
  5 centaur warriors
  3 two-headed ogres
  4 tengu warriors
  2 unseen horrors
  A lindwurm (shapeshifter) (D:13)
  Pikel (D:4)
  2 orc knights
  An ugly thing (D:13)
  4 manticores
  4 deep elf magi
  3 orc sorcerers
  2 cyclopes
  4 centaur zombies
  The ghost of Nezzrak the Chopper, a novice MiBe of Trog (D:5)
  2 gargoyles (D:11)
  An efreet (D:14)
  2 komodo dragons
  3 kobold demonologists
  A tengu conjurer (D:13)
  9 trolls
  A hornet (shapeshifter) (D:13)
  2 hornets
  2 meliai zombies (D:13)
  A vampire (D:13)
  4 wraiths
  3 wyverns
  5 hogs (D:14)
  2 shadows
  16 yaks
  4 vampire mosquitoes (D:15)
  A golden eye (shapeshifter) (D:15)
  8 humans (D:14)
  Menkaure (D:7)
  7 wargs
  An acid dragon (D:13)
  2 soldier ants
  4 water moccasins
  20 orc warriors
  4 black bears
  8 sky beasts
  2 ice beasts
  3 necrophages
  2 phantoms
  7 ogres
  An eye of draining (D:12)
  8 centaurs
  3 lemures (D:4)
  A big kobold (D:14)
  A wyvern zombie (D:14)
  10 bullfrogs
  3 wyvern skeletons
  8 killer bees
  A water moccasin skeleton (D:5)
  3 scorpions
  30 wights
  7 howler monkeys
  9 electric eels
  A quasit (D:7)
  5 bullfrog zombies
  6 hounds
  2 jellies
  2 bullfrog skeletons
  19 orc priests
  25 orc wizards
  4 centaur skeletons
  Ijyb (D:3)
  3 iguanas
  16 worker ants
  A hound zombie (D:11)
  10 adders
  2 shadow imps
  3 white imps
  3 ufetubi
  An adder zombie (D:7)
  3 adder skeletons
  3 worms
  3 dart slugs
  10 leopard geckos
  68 orcs
  4 giant cockroaches
  4 goblins
  11 hobgoblins
  2 jackals (D:4)
  2 quokkas
  5 bats
  4 frilled lizards
  20 kobolds
  A leopard gecko skeleton (D:6)
  4 rats
510 creatures vanquished.

Vanquished Creatures (others)
  A water elemental (D:12)
  A human (D:14)
  5 fungi (D:14)
  A plant (D:3)
  4 toadstools (D:14)
12 creatures vanquished.

Grand Total: 522 creatures vanquished

Notes
Turn   | Place    | Note
-------+----------+-------------------------------------------
     0 | D:1      | Revguard the Minotaur Gladiator began the quest for the
                  | Orb.
     0 | D:1      | Reached XP level 1. HP: 18/18 MP: 0/0
   254 | D:1      | Reached XP level 2. HP: 26/26 MP: 1/1
   341 | D:1      | Reached skill level 4 in Axes
   649 | D:2      | Reached XP level 3. HP: 31/31 MP: 2/2
   649 | D:2      | Found a shimmering blue altar of Sif Muna.
  1025 | D:2      | Reached XP level 4. HP: 28/38 MP: 3/3
  1165 | D:2      | Reached skill level 1 in Armour
  1966 | D:3      | Reached skill level 5 in Axes
  2209 | D:3      | Noticed Ijyb
  2221 | D:3      | Killed Ijyb
  2222 | D:3      | Reached XP level 5. HP: 43/46 MP: 4/4
  2557 | D:3      | Reached skill level 1 in Evocations
  3276 | D:4      | Reached XP level 6. HP: 46/52 MP: 5/5
  3378 | D:4      | Reached skill level 6 in Axes
  3614 | D:4      | Noticed Pikel
  3628 | D:4      | Killed Pikel
  3629 | D:4      | Reached skill level 8 in Axes
  3629 | D:4      | Reached skill level 5 in Dodging
  3629 | D:4      | Reached XP level 7. HP: 32/60 MP: 6/6
  3781 | D:4      | Found a staircase to the Ecumenical Temple.
  3793 | Temple   | Entered the Ecumenical Temple
  3853 | Temple   | Became a worshipper of Makhleb the Destroyer
  4129 | D:4      | Reached XP level 8. HP: 67/67 MP: 7/7
  4297 | D:4      | Reached skill level 5 in Fighting
  4504 | D:5      | Entered Level 5 of the Dungeon
  4507 | D:5      | Found a runed translucent door.
  4977 | D:5      | Noticed Nezzrak's ghost (novice MiBe)
  4989 | D:5      | Killed Nezzrak's ghost
  4990 | D:5      | Reached skill level 9 in Axes
  4990 | D:5      | Reached skill level 5 in Armour
  5280 | D:6      | Found a glowing golden altar of the Shining One.
  5289 | D:6      | Reached * piety under Makhleb
  5291 | D:6      | Reached skill level 1 in Invocations
  5581 | D:6      | Reached XP level 9. HP: 62/75 MP: 7/9
  5948 | D:6      | Reached skill level 10 in Axes
  7112 | D:7      | Identified Sif Muna's Guide on Frigorific Dislocation
  7174 | D:7      | Noticed Menkaure
  7182 | D:7      | Killed Menkaure
  7183 | D:7      | Reached ** piety under Makhleb
  7398 | D:7      | Reached skill level 11 in Axes
  7442 | D:7      | Reached skill level 5 in Evocations
  8232 | D:8      | Found an opulent altar of Gozag.
  8242 | D:8      | Reached XP level 10. HP: 84/84 MP: 11/11
  9213 | D:9      | Found Xutwiwk's Magic Scroll Emporium.
  9729 | D:10     | Entered Level 10 of the Dungeon
 10123 | D:10     | Reached skill level 12 in Axes
 10140 | D:10     | Reached *** piety under Makhleb
 10359 | D:10     | Found a staircase to the Lair.
 10557 | D:10     | Found Esemirur's Antique Armour Shop.
 10565 | D:10     | Found a staircase to the Orcish Mines.
 10593 | D:9      | Bought a scroll of acquirement for 676 gold pieces
 10594 | D:9      | Acquired the +7 executioner's axe of Gravity {flame, rPois
                  | rC- Int+8 Stlth-}
 10695 | D:10     | Noticed a two-headed ogre
 10701 | D:10     | Killed a two-headed ogre
 10702 | D:10     | Reached skill level 5 in Invocations
 10771 | D:11     | Noticed a gargoyle
 10777 | D:11     | Killed a gargoyle
 10778 | D:11     | Reached XP level 11. HP: 62/94 MP: 13/13
 11296 | D:11     | Reached skill level 13 in Axes
 11625 | D:11     | Reached **** piety under Makhleb
 12804 | D:12     | Noticed a two-headed ogre
 12813 | D:12     | Killed a two-headed ogre
 13210 | D:12     | Reached skill level 10 in Fighting
 13254 | D:12     | Reached skill level 14 in Axes
 13479 | D:12     | Killed an unseen horror
 13541 | D:12     | Reached XP level 12. HP: 106/106 MP: 7/15
 14045 | D:13     | Noticed a two-headed ogre
 14048 | D:13     | Killed a two-headed ogre
 14049 | D:13     | Noticed a centaur warrior
 14061 | D:13     | Killed a centaur warrior
 14158 | D:13     | Noticed a four-headed hydra
 14166 | D:13     | Killed a one-headed hydra
 14191 | D:13     | Noticed a catoblepas
 14200 | D:13     | Killed a catoblepas
 14206 | D:13     | Reached ***** piety under Makhleb
 14362 | D:13     | Reached skill level 15 in Axes
 14440 | D:13     | Found Metsia's Antique Weapon Boutique.
 14468 | D:13     | Noticed a tengu warrior
 14468 | D:13     | Noticed a tengu warrior
 14473 | D:13     | Killed a tengu warrior
 14475 | D:13     | Killed a tengu warrior
 14489 | D:13     | Noticed a five-headed hydra
 14496 | D:13     | Killed a two-headed hydra
 14504 | D:13     | Noticed a centaur warrior
 14512 | D:13     | Killed a centaur warrior
 14575 | D:13     | Noticed a boulder beetle
 14596 | D:13     | Killed a boulder beetle
 14603 | D:13     | Noticed a centaur warrior
 14607 | D:13     | Killed a centaur warrior
 14608 | D:13     | Reached XP level 13. HP: 102/117 MP: 17/17
 15431 | D:14     | Noticed Kirke
 15570 | D:14     | Noticed a sphinx
 15578 | D:14     | Killed Kirke
 15744 | D:14     | Reached skill level 16 in Axes
 16446 | D:14     | Found a gate to the Vaults.
 16507 | D:15     | Entered Level 15 of the Dungeon
 16577 | D:15     | Got a bound iron ring
 16646 | D:15     | Found a sacrificial altar of Ru.
 16847 | D:15     | Identified the ring "Oqeg" {rElec EV+4} (You found it on
                  | level 15 of the Dungeon)
 16853 | D:15     | Reached XP level 14. HP: 129/129 MP: 18/20
 17150 | D:15     | Reached skill level 17 in Axes
 17463 | D:15     | Reached skill level 10 in Armour
 17468 | D:15     | Found a staircase to the Depths.
 17670 | D:15     | Reached XP level 15. HP: 129/136 MP: 21/21
 18170 | Orc:1    | Entered Level 1 of the Orcish Mines
 18192 | Orc:1    | Gained mutation: You do not regenerate when monsters are
                  | visible. [a cacodemon]
 18767 | Orc:2    | Entered Level 2 of the Orcish Mines
 18880 | Orc:2    | Found a staircase to the Elven Halls.
 19019 | Orc:2    | Reached ****** piety under Makhleb
 19027 | Orc:2    | Found Datuash's Mass Market.
 19341 | Orc:2    | Found Kyza's Weapon Boutique.
 19354 | Orc:2    | HP: 3/198 [orc warrior/+2 glaive of protection (21)]
 19356 | Orc:2    | Demolished by an ice devil

Illustrated notes

Levels and vault maps discovered:
D:1:      dpeg_arrival_erosion, layout_rooms
D:2:      layout_basic, lemuel_crystal_altar
D:3:      layout_basic, serial_bayou_pond_b, uniq_ijyb
D:4:      layout_loops_cross, minmay_temple_entry_slanted, kennysheep_doodads,
          small_statue_intersection, minmay_mini_jars, uniq_pikel
D:5:      cheibrodos_quashed, layout_cave_pools, ebering_ghost_reflecting_pool,
          serial_bayou_pond_d
D:6:      layout_rooms, basic_altar, grunt_ministairs_14,
          kennysheep_small_square
D:7:      layout_cave_pods, chequers_serial_rivers_small_b, uniq_menkaure
D:8:      layout_basic, basic_altar
D:9:      layout_cave_pools, serial_shops, shop, grunt_ministairs_15
D:10:     layout_rooms, erik_lair_orcish_takeover, orc_0_dummy, serial_shops,
          nicolae_shop_trees
D:11:     layout_roguey, nooodl_orcs_dogs
D:12:     erik_rubicon_b, layout_basic
D:13:     kennysheep_ambush_hall, layout_irregular_city, serial_shops,
          kennysheep_mini_moat
D:14:     layout_roguey, ximxim_vaults_locker_room, solitary_fountain,
          minmay_gold_behind_fungi, uniq_kirke
D:15:     grunt_enter_depths_hoard, layout_layer_cave,
          nicolae_ru_sacrificial_ziggurat
Temple:   grunt_wide_crystal_templ
Orc:1:    layout_caves, uniq_harold
Orc:2:    st_orc_elflike, layout_caves, minmay_shop_mass

Skill      XL: |  1  2  3  4  5  6  7  8  9 10 11 12 13 14 |
---------------+-------------------------------------------+-----
Fighting       | 3 4 5 6 8 10 11 13 | 13.7
Axes           | 4 5 8 9 11 12 14 15 16 17 | 17.3
Dodging        | 4 5 6 7 |  7.2
Armour         | 2 3 5 6 7 8 9 10 | 10.3
Evocations     | 1 2 4 5 6 7 9 |  9.4
Invocations    | 1 3 5 6 7 9 |  9.8
Throwing       | |  2.0

Action                   |  1- 3 |  4- 6 |  7- 9 | 10-12 | 13-15 || total
-------------------------+-------+-------+-------+-------+-------++-------
Melee: War axe           |    55 |    77 |       |       |       ||   132
       Headbutt          |     7 |    23 |    49 |    98 |    61 ||   238
       Battleaxe         |       |    36 |   196 |   117 |       ||   349
       Executioner's axe |       |       |       |   278 |   275 ||   553
Invok: Greater Servant o |       |       |       |       |     1 ||     1
Evoke: Wand              |       |       |       |     6 |       ||     6
  Use: Scroll            |       |     6 |     8 |     9 |     7 ||    30
       Potion            |       |     3 |     2 |       |     7 ||    12
 Stab: Petrified         |       |       |       |       |     2 ||     2
Armor: Leather armour    |     9 |     6 |       |       |       ||    15
       Ring mail         |       |    17 |       |       |       ||    17
       Scale mail        |       |    25 |    38 |       |       ||    63
       Chain mail        |       |       |    44 |   213 |   197 ||   454
       Skin              |       |       |       |       |     7 ||     7
Dodge: Dodged            |    55 |   110 |   208 |   434 |   326 ||  1133
